 Dungeon Crawl Stone Soup version 0.19.5 (webtiles) character file.

4147 equalderp2856 the Gouger (level 10, -11/43 HPs)
             Began as a Felid Fighter on Mar 18, 2017.
             Mangled by a vampire knight
             ... wielding a cursed -1 long sword
              (24 damage)
             ... on level 9 of the Dungeon.
             The game lasted 02:41:52 (34486 turns).

equalderp2856 the Gouger (Felid Fighter)           Turns: 34486, Time: 02:41:53

Health: -11/43     AC:  6    Str: 13    XL:     10   Next: 7%
Magic:  12/12      EV: 28    Int: 10    God:
Gold:   748        SH:  0    Dex: 21    Spells: 0 memorised, 9 levels left
                                        Lives:  0   Deaths: 3

rFire  . . .     SeeInvis +       - Unarmed
rCold  . . .     Gourm    .     (armour unavailable)
rNeg   . . .     Faith    .     (shield unavailable)
rPois  .         Spirit   .     (helmet unavailable)
rElec  .         Reflect  .     (cloak unavailable)
rCorr  .         Harm     .     (gloves unavailable)
MR     +....                    (boots unavailable)
Stlth  ++++++....               (no amulet)
                                I - +4 ring of protection
                                M - +3 ring of dexterity

@: quick
A: no armour, no weapons or thrown items, stealth, claws 1, fangs 3, see
invisible, carnivore 3, speed 1, shaggy fur 2, slow metabolism 1, sharp paws
a: no special abilities


You were on level 9 of the Dungeon.
You were not hungry.

You visited 2 branches of the dungeon, and saw 12 of its levels.

You collected 748 gold pieces.

Inventory:

Hand Weapons
 c - a +0 club
 e - a +0 whip
 f - a +0 dagger
 i - a +0 mace
 k - a +0 short sword
 q - a +0 flail
 r - a +0 arbalest
 u - a cursed -3 shortbow
 B - a +0 long sword
 G - a +0 giant club
 H - a +0 short sword
Jewellery
 I - a +4 ring of protection (right paw)
 M - a +3 ring of dexterity (left paw)
Wands
 j - a wand of confusion (32/48)
 n - a wand of flame (0/48)
 s - a wand of polymorph (2/24)
 v - a wand of iceblast (0/15)
 A - a wand of flame (26/48)
 C - a wand of iceblast (0/15)
 D - a wand of iceblast (5/15)
 L - a wand of digging (11/24)
 N - a wand of paralysis (18/24)
 Q - a wand of teleportation (5/9)
 R - a wand of flame (35/48)
 T - a wand of digging (17/24)
 U - a wand of slowing (16/48)
Scrolls
 g - 3 scrolls of teleportation
 l - a scroll of fog
 x - 5 scrolls of identify
Potions
 d - 2 potions of might
 o - 3 potions of brilliance
 p - 3 potions of curing
 t - a potion of resistance
 z - a potion of haste {unknown}
Comestibles
 b - 7 meat rations
 h - 5 slices of pizza
 m - 10 royal jellies
 w - 9 beef jerkies


   Skills:
 + Level 4.9 Fighting
 + Level 10.8 Dodging
 + Level 11.8 Stealth
 + Level 14.7 Unarmed Combat
 + Level 2.1 Evocations


You had 9 spell levels left.
You didn't know any spells.

Dungeon Overview and Level Annotations

Branches:
Dungeon (11/15)            Temple (1/1) D:6            Lair (0/6) D:8
    Orc (0/2) D:10

Altars:
Ashenzari
Cheibriados
Dithmenos
Elyvilon
Fedhas
Gozag
Hepliaklqana
Kikubaaqudgha
Makhleb
Nemelex Xobeh
Okawaru
Qazlal
Ru
Sif Muna
Trog
Uskayaw
Vehumet
Xom
Yredelemnul
Zin
The Shining One

Shops:
D:9 *   D:11 (


Innate Abilities, Weirdness & Mutations

You cannot wear armour.
You are incapable of wielding weapons or throwing items.
Your paws allow you to move quietly. (Stealth)
You have sharp claws.
You have razor-sharp teeth.
You have supernaturally acute eyesight. (SInv)
You are carnivorous and can eat meat at any time.
You cover ground quickly.
You are covered in thick fur. (AC +2)
You have a slow metabolism.
Your sharp claws are effective at attacking unaware monsters.


Message History

The vampire knight draws strength from your injuries!
You feel much better. The vampire knight closely misses you.
The vampire knight bites you.
The vampire knight draws strength from your injuries!
You claw the vampire knight!
You bite the vampire knight, but do no damage.
The vampire knight is moderately damaged.
The vampire knight closely misses you.
The vampire knight completely misses you.
You scratch the vampire knight but do no damage.
The vampire knight is moderately damaged.
The vampire knight hits you with a cursed -1 long sword!!
Ouch! That really hurt!
The vampire knight barely misses you.
You barely miss the vampire knight. You claw the vampire knight!
You bite the vampire knight, but do no damage.
The vampire knight is moderately damaged.
The vampire knight hits you with a cursed -1 long sword!!
Ouch! That really hurt!
You die...

.........##.....###.##..#######.#
................# #.##..### #..
##'#'#####......# #.##..#.#####..
............#.#.# #.##...........
..........#.#.#.###.##..#.##.##.#
..........#.............#........
..........##.######..#..#.##.##.#
..........##...............#.##.#
.#####.........V@................
.# #........#####..##.#..#.####
.#####.......................####
.....'....................>..#.##
...###......#..#..##.#..........#
##.# #......#.....##...##......##
##.# #............####.......#...
...###........#...####.###...##..
##......#.##...........###....'..


You could see a vampire knight.

Vanquished Creatures
  Sonja (D:10)
  An unseen horror (D:10)
  A wolf spider zombie (D:9)
  A centaur zombie (D:10)
  A guardian serpent (D:11)
  2 komodo dragons
  A two-headed ogre (D:11)
  A troll (D:10)
  3 hornets
  3 hippogriffs
  A meliai zombie (D:10)
  12 yaks
  2 hungry ghosts
  A soldier ant (D:9)
  Duvessa (D:7)
  2 water moccasins (D:8)
  4 orc warriors
  2 phantoms (D:8)
  4 sky beasts
  A black bear (D:10)
  3 ice beasts
  3 ogres
  A necrophage (D:6)
  2 crocodiles
  5 centaurs
  3 big kobolds
  10 bullfrogs
  A gnoll sergeant (D:8)
  2 wyvern zombies
  Dowan (D:7)
  2 wyvern skeletons
  A water moccasin skeleton (D:8)
  6 scorpions
  5 wights (D:10)
  8 howler monkeys
  8 crimson imps
  5 hounds
  The ghost of equalderp2856 the Scratcher, a weakling FeFi (D:5)
  20 orc wizards
  2 bullfrog zombies
  3 bullfrog skeletons
  5 centaur skeletons
  5 orc priests
  5 jellies
  2 iguanas
  Ijyb (D:3)
  Jessica (D:3)
  15 worker ants
  Natasha (thrice) (D:2)
  A hell rat (D:8)
  A killer bee zombie (D:8)
  A hound zombie (D:9)
  3 hound skeletons
  A worker ant zombie (D:6)
  Robin (D:2)
  19 adders
  9 gnolls
  2 howler monkey skeletons
  5 shadow imps
  3 oozes
  An adder zombie (D:9)
  2 adder skeletons (D:5)
  4 worms
  5 dart slugs
  7 leopard geckos
  45 orcs
  A ball python (D:2)
  11 giant cockroaches
  19 goblins
  12 hobgoblins
  9 jackals
  19 kobolds
  2 quokkas
  7 bats
  9 frilled lizards
  A jackal skeleton (D:6)
  8 rats
382 creatures vanquished.

Notes
Turn   | Place    | Note
-------+----------+-------------------------------------------
     0 | D:1      | equalderp2856 the Felid Fighter began the quest for the Orb.
     0 | D:1      | Reached XP level 1. HP: 10/10 MP: 2/2
    72 | D:1      | Reached XP level 2. HP: 14/14 MP: 3/3
  1069 | D:1      | Reached XP level 3. HP: 17/17 MP: 4/4
  1198 | D:2      | Noticed Robin
  1569 | D:2      | Noticed Natasha
  1626 | D:2      | Reached skill level 1 in Stealth
  1626 | D:2      | Reached skill level 5 in Unarmed Combat
  1676 | D:2      | Reached XP level 4. HP: 7/21 MP: 5/5
  3214 | D:3      | Noticed Ijyb
  3221 | D:3      | Killed Ijyb
  3221 | D:3      | Reached skill level 5 in Dodging
  3221 | D:3      | Reached XP level 5. HP: 24/24 MP: 6/6
  3435 | D:3      | Noticed Jessica
  3441 | D:3      | Killed Jessica
  3583 | D:3      | Reached skill level 6 in Unarmed Combat
  3926 | D:3      | Gained mutation: You are covered in thick fur. (AC +2) [Felid growth]
  3926 | D:3      | Reached XP level 6. HP: 27/28 MP: 7/7
  4500 | D:2      | Killed Robin
  5496 | D:4      | Found a shattered altar of Ashenzari.
  5750 | D:4      | Reached XP level 7. HP: 26/31 MP: 8/8
  5786 | D:4      | Reached skill level 7 in Unarmed Combat
  7016 | D:2      | Killed Natasha
  7186 | D:2      | Noticed Natasha
  7196 | D:2      | Killed Natasha
  7303 | D:2      | Noticed Natasha
  7317 | D:2      | Killed Natasha
  9609 | D:5      | Entered Level 5 of the Dungeon
  9735 | D:5      | Found a white marble altar of Elyvilon.
  9739 | D:5      | Noticed equalderp2856's ghost (weakling FeFi)
  9759 | D:5      | Killed equalderp2856's ghost
  9759 | D:5      | Reached skill level 8 in Unarmed Combat
  9914 | D:5      | Reached skill level 5 in Stealth
  9955 | D:5      | Found a deep blue altar of Sif Muna.
  9958 | D:5      | Reached XP level 8. HP: 34/34 MP: 9/9
 11526 | D:6      | Found a staircase to the Ecumenical Temple.
 11941 | D:6      | Reached skill level 9 in Unarmed Combat
 14147 | D:7      | Reached skill level 10 in Unarmed Combat
 14147 | D:7      | Reached XP level 9. HP: 23/38 MP: 10/10
 14472 | D:7      | Found an ancient bone altar of Kikubaaqudgha.
 14630 | D:7      | Noticed Duvessa
 14631 | D:7      | Noticed Dowan
 15607 | D:7      | Killed Duvessa
 15620 | D:7      | Killed Dowan
 16608 | D:6      | Reached skill level 11 in Unarmed Combat
 17542 | D:8      | Noticed a komodo dragon
 17551 | D:8      | Found a staircase to the Lair.
 17553 | D:8      | Killed a komodo dragon
 18002 | D:8      | Reached XP level 10. HP: 28/42 MP: 11/11
 18627 | D:8      | Reached skill level 1 in Evocations
 18911 | D:8      | Reached skill level 10 in Stealth
 19656 | D:8      | Got a heavily runed ring mail
 20317 | D:8      | Reached skill level 12 in Unarmed Combat
 20955 | D:9      | Found Zeim's Assorted Antiques.
 22644 | D:9      | Reached skill level 13 in Unarmed Combat
 22984 | D:8      | Slain by a hornet
 22985 | D:8      | Reached XP level 9. HP: 0/39 MP: 11/11
 22999 | D:8      | Reached XP level 10. HP: 43/43 MP: 12/12
 23155 | D:10     | Entered Level 10 of the Dungeon
 23523 | D:10     | Found a staircase to the Orcish Mines.
 23585 | D:10     | Noticed an unseen horror
 23621 | D:10     | Slain by an unseen horror
 23622 | D:10     | Reached XP level 9. HP: -4/39 MP: 11/11
 23636 | D:10     | Noticed Sonja
 23642 | D:10     | Killed Sonja
 23658 | D:10     | Noticed a troll
 23930 | D:11     | Reached skill level 10 in Dodging
 24070 | D:11     | Found Komninn's Antique Weapon Shop.
 24097 | D:11     | Noticed a guardian serpent
 24110 | D:11     | Killed a guardian serpent
 24225 | D:11     | Reached XP level 10. HP: 15/43 MP: 12/12
 24870 | D:10     | Killed an unseen horror
 25713 | D:10     | Reached skill level 14 in Unarmed Combat
 29027 | D:8      | Reached XP level 11. HP: 46/46 MP: 13/13
 31757 | Temple   | Entered the Ecumenical Temple
 34170 | D:9      | Noticed a vampire knight
 34446 | D:9      | Slain by a vampire knight
 34447 | D:9      | Reached XP level 10. HP: -1/42 MP: 12/12
 34477 | D:9      | Paralysed by a vampire knight for 2 turns
 34486 | D:9      | Mangled by a vampire knight

Skill      XL: |  1  2  3  4  5  6  7  8  9 10 |
---------------+-------------------------------+-----
Stealth        | 1 2 3 4 5 7 11 10 | 11.8
Unarmed Combat | 5 6 8 10 11 14 | 14.7
Dodging        | 5 6 7 10 9 | 10.8
Fighting       | 4 |  4.9
Evocations     | 2 |  2.1

Action                   |  1- 3 |  4- 6 |  7- 9 | 10-12 || total
-------------------------+-------+-------+-------+-------++-------
Melee: Unarmed           |    92 |   221 |   456 |   565 ||  1334
       Bite              |    10 |    19 |    44 |    64 ||   137
       Punch             |     1 |     3 |    25 |    42 ||    71
Evoke: Wand              |       |       |     6 |    12 ||    18
  Use: Scroll            |       |       |    10 |    11 ||    21
       Potion            |       |       |     4 |     5 ||     9
 Stab: Sleeping          |     1 |     5 |    28 |     7 ||    41
       Distracted        |       |       |     2 |     9 ||    11
       Confused          |       |       |       |     3 ||     3
  Eat: Chunk             |     9 |     5 |    27 |    31 ||    72
       Royal jelly       |       |       |       |     1 ||     1
Armor: Skin              |     3 |    12 |    17 |    23 ||    55
Dodge: Dodged            |    64 |   192 |   350 |   468 ||  1074
